 Dungeon Crawl Stone Soup version 0.31-a0-986-g5e6e4ef867 (webtiles) character file.

Game seed: 1693929175088340008

62 timneilson the Ruffian (level 4, -4/29 HPs)
             Began as an Octopode Shapeshifter on Nov 12, 2023.
             Slain by a gnoll
             ... wielding a +0 flail
              (7 damage)
             ... on level 2 of the Dungeon.
             The game lasted 00:01:26 (1389 turns).

timneilson the Ruffian (Octopode Shapeshifter)      Turns: 1389, Time: 00:01:27

Health: -4/29      AC:  1    Str: 15    XL:     4   Next: 8%
Magic:  3/5        EV: 13    Int: 12    God:
Gold:   85         SH:  0    Dex: 11    Spells: 4/4 levels left

rFire   . .          .
                       - Unarmed
rCold   . . .        (no shield)
rNeg    . . .        (helmet currently unavailable)
rPois   .            (no amulet)
rElec   .            (no ring)
rCorr   .            (no ring)
SInv    .            (no ring)
Will    .....        (no ring)
Stlth   +++          (no ring)
HPRegen 0.24/turn    (no ring)
MPRegen 0.09/turn    (no ring)
                     (no ring)

%: no passive effects
@: beast-form
A: beast (slay +1), almost no armour, amphibious, 8 rings, camouflage 1,
gelatinous body 1, (nimble swimmer 1), tentacles
a: Begin Untransformation


You were on level 2 of the Dungeon.
You were a hulking beast.
You visited 1 branch of the dungeon, and saw 2 of its levels.

You collected 85 gold pieces.

Inventory:

Talismans
 b - a beast talisman
 c - a flux talisman
Scrolls
 i - a scroll of fear {unknown}
 j - a scroll of noise {unknown}
 k - 3 scrolls of teleportation {unknown}
 l - a scroll of amnesia {unknown}
Potions
 a - a potion of lignification
 d - 2 potions of brilliance
 e - 2 potions of curing {unknown}
 f - a potion of heal wounds {unknown}
 g - a potion of might {unknown}
 h - a potion of attraction {unknown}


   Skills:
 * Level 1.6 Fighting
 * Level 2.6 Dodging
 + Level 1.3 Stealth
 * Level 3.4 Unarmed Combat
 + Level 0.7 Spellcasting
 * Level 3.3 Shapeshifting


You had 4 spell levels left.
You didn't know any spells.
Your spell library contained the following spells:

 Spells                   Type           Power      Damage    Failure   Level
 Foxfire                  Conj/Fire      0%         2x1d4     30%         1
 Plasma Beam              Fire/Air       0%         2x1d10    100%        6
 Starburst                Conj/Fire      0%         6d3       100%        6
 Haunt                    Necr/Summ      0%         N/A       100%        7
 Borgnjor's Revivificati  Necr           0%         N/A       100%        8
 Death's Door             Necr           0%         N/A       100%        9


Dungeon Overview and Level Annotations

Branches:
Dungeon (2/15)

Altars:
Yredelemnul

Shops:
D:1 :


Innate Abilities, Weirdness & Mutations

You are a hulking beast.
Your limbs bulge with bestial killing power. (Slay +1)
You cannot wear most types of armour.
You are amphibious.
You can wear up to eight rings at the same time.
Your skin changes colour to match your surroundings (Stealth+).
Your rubbery body absorbs attacks. (AC +1, EV +1)
((You are camouflaged when in or above water. (Stealth+)))
You have tentacles for arms and can constrict up to eight enemies at once.


Message History

No target in view!
No target in view!
No target in view!
No target in view!
j - a scroll labelled QUJASA QUJAMP
k - 3 scrolls labelled KOXZY IWOBBERPHO
There is a stone staircase leading down here.
l - a scroll labelled FIAPSU PIYF
Found a leather armour.
You see here a +0 leather armour.
Found a dagger.
d - 2 potions of brilliance (gained 1)
Found 4 curare-tipped darts.
An endoplasm comes into view.
The endoplasm quivers.
An endoplasm is nearby! 2 gnolls come into view.
The gnoll shouts! x2
The gnoll moves out of view.
A gnoll comes into view. It is wielding a +0 flail.
The gnoll shouts!
You tentacle-slap the endoplasm. You squeeze the endoplasm.
You kill the endoplasm!
The gnoll hits you with a +0 club. The gnoll completely misses you.
You tentacle-slap the gnoll. Your grab misses the gnoll.
Your squeeze misses the gnoll.
The gnoll is heavily wounded.
The gnoll closely misses you.
You tentacle-slap the gnoll. You grab the gnoll.
The gnoll is almost dead.
You constrict the gnoll, but do no damage.
The gnoll hits you with a +0 spear.
You bludgeon the gnoll!
You kill the gnoll!
The gnoll hits you with a +0 flail! The gnoll hits you with a +0 club!
* * * LOW HITPOINT WARNING * * *
You have reached level 4!
Unknown command.
The gnoll attacks as it pursues you! The gnoll hits you with a +0 flail!
You die...

#.##.# #.# #.##.#
#.# #.##.#
#.###### #.##.#
#.##...# #.##.#
.....# #.##.#
#)g.# #.##.# #.#
#.##.### ###g#
.......### #.h.#
#.##.....# #.###
#.####.#.# #.#
#.####.#.### #.#
...........####.#
.##.............#
.##..#..>#.######
.##......#.#
.........#.#


You could see 2 gnolls.

Vanquished Creatures
  A gnoll (D:2)
  An adder (D:2)
  3 dart slugs (D:2)
  2 bats (D:2)
  5 endoplasms
  A giant cockroach (D:2)
  A hobgoblin (D:1)
  4 kobolds
  2 quokkas
  4 ball pythons
  10 frilled lizards
  A goblin (D:1)
  5 rats
40 creatures vanquished.

Notes
Turn   | Place    | Note
-------+----------+-------------------------------------------
     0 | D:1      | timneilson the Octopode Shapeshifter began the quest for
                  | the Orb.
     0 | D:1      | Reached XP level 1. HP: 13/13 MP: 1/1
   124 | D:1      | Reached XP level 2. HP: 15/18 MP: 2/2
   627 | D:1      | Found Viafun's Book Shop.
   833 | D:2      | Found a basalt altar of Yredelemnul.
   886 | D:2      | Reached XP level 3. HP: 23/23 MP: 3/3
   931 | D:2      | Reached skill level 1 in Stealth
  1388 | D:2      | Reached XP level 4. HP: 3/29 MP: 3/5
  1389 | D:2      | Slain by a gnoll

Illustrated notes

Levels and vault maps discovered:
D:1:      ncdulo_halloftheorcs, layout_basic, serial_shops, shop_statue,
          minmay_misc_feat_doors
D:2:      layout_loops_ring, basic_altar, minmay_lizard_king

Skill      XL: |  1  2  3 |
---------------+----------+-----
Stealth        | 1 |  1.3
Fighting       | |  1.6
Dodging        | |  2.6
Unarmed Combat | |  3.4
Spellcasting   | |  0.7
Shapeshifting  | |  3.3

Action                     |  1- 3 |  4- 6 || total
---------------------------+-------+-------++-------
  Melee: Unarmed           |    63 |       ||    63
         Constrict         |    19 |       ||    19
         Tentacles         |     7 |       ||     7
    Use: Scroll            |     1 |       ||     1
   Stab: Sleeping          |     5 |       ||     5
 Armour: Skin              |    20 |     1 ||    21
  Dodge: Dodged            |    28 |       ||    28

Table legend: (Time is in decaauts)
 A = Elapsed time spent in this place.
 B = Non-inter-level travel time spent in this place.
 C = Inter-level travel time spent in this place.
 D = Time resting spent in this place.
 E = Time spent auto-exploring this place.
 F = Levels seen in this place.
 G = Mean time per level.
                   A        B        C        D        E       F      G
               +--------+--------+--------+--------+--------+-----+--------+
         Total |   1385 |   1381 |      4 |      0 |   1178 |   2 |  692.5 |
       Dungeon |   1385 |   1381 |      4 |      0 |   1178 |   2 |  692.5 |
               +--------+--------+--------+--------+--------+-----+--------+

Top non-repeatable levels by time:
     D:1: 748 daAuts
     D:2: 636 daAuts
